 Dungeon Crawl Stone Soup version 0.31-a0-691-g409c26aa35 (webtiles) character file.

Game seed: 18029166113628799387

1435 arthad the Ruffian (level 8, -2/78 HPs)
             Began as a Troll Shapeshifter on Sept 7, 2023.
             Splashed by a jelly's acid (8 damage)
             ... on level 5 of the Dungeon.
             The game lasted 00:06:36 (3681 turns).

arthad the Ruffian (Troll Shapeshifter)             Turns: 3681, Time: 00:06:36

Health: -2/78      AC: -8    Str: 25    XL:     8   Next: 45%
Magic:  16/16      EV: 10    Int:  6    God:
Gold:   311        SH:  0    Dex:  9    Spells: 7/7 levels left

rFire   . .          .
                       - Unarmed
rCold   . . .        (no shield)
rNeg    . . .        a - +0 animal skin
rPois   .            (helmet currently unavailable)
rElec   .            (cloak currently unavailable)
rCorr   .            (gloves unavailable)
SInv    .            (boots unavailable)
Will    +....        (no amulet)
Stlth   ++           j - ring of willpower
HPRegen 1.13/turn    q - ring of magical power
MPRegen 0.15/turn

%: no passive effects
@: beast-form, corroded, invisible
A: beast (slay +3), large, unfitting armour, claws 3, regeneration 1, shaggy fur
1, tough skin 1
a: Begin Untransformation


You were on level 5 of the Dungeon.
You were a hulking beast.
You visited 1 branch of the dungeon, and saw 5 of its levels.

You collected 311 gold pieces.

Inventory:

Missiles
 t - 4 silver javelins
Armour
 a - a +0 animal skin (worn)
Jewellery
 j - a ring of willpower (left claw)
 q - a ring of magical power (right claw)
 y - a +6 ring of intelligence
Talismans
 c - a beast talisman (active)
 d - a flux talisman
Wands
 m - a wand of flame (18)
 o - a wand of polymorph (4)
Scrolls
 e - a scroll of identify
 k - a scroll of vulnerability {unknown}
 l - a scroll of immolation
 n - 2 scrolls of amnesia {unknown}
 v - 2 scrolls of silence {unknown}
 w - 2 scrolls of fog {unknown}
Potions
 b - 2 potions of lignification
 f - 2 potions of curing
 g - a potion of invisibility
 h - 2 potions of heal wounds {unknown}
 i - a potion of haste {unknown}
 p - a potion of magic {unknown}
 r - a potion of resistance {unknown}
 s - a potion of attraction {unknown}
 u - a potion of enlightenment {unknown}
 x - a potion of ambrosia {unknown}


   Skills:
 * Level 4.0 Fighting
 * Level 4.2 Dodging
 + Level 2.0 Stealth
 * Level 5.7 Unarmed Combat
 * Level 5.4 Shapeshifting


You had 7 spell levels left.
You didn't know any spells.
Your spell library contained the following spells:

 Spells                   Type           Power      Damage    Failure   Level
 Cigotuvi's Dreadful Rot  Necr/Pois/Air  0%         N/A       58%         2
 Poisonous Vapours        Pois/Air       0%         N/A       58%         2
 Sublimation of Blood     Necr           0%         N/A       58%         2
 Wereblood                Tmut           0%         N/A       58%         2
 Ignite Poison            Fire/Tmut/Pois 0%         N/A       83%         3
 Mephitic Cloud           Conj/Pois/Air  0%         N/A       83%         3
 Freezing Cloud           Conj/Ice/Air   0%         6-21      100%        5
 Summon Hydra             Summ           0%         N/A       100%        7


Dungeon Overview and Level Annotations

Branches:
Dungeon (5/15)
 Temple: D:4-7

Altars:
Fedhas
Kikubaaqudgha

Annotations:
D:5 Dowan


Innate Abilities, Weirdness & Mutations

You are a hulking beast.
Your limbs bulge with bestial killing power. (Slay +3)
You are too large for most types of armour.
You have claws for hands.
Your natural rate of healing is unusually fast.
You are covered in fur. (AC +1)
You have tough skin. (AC +1)


Message History

You closely miss Duvessa.
Duvessa is severely wounded.
Duvessa barely misses you. Dowan hits you with a +0 dagger.
Duvessa hits you with a +0 short sword!
You scratch Duvessa.
Duvessa is almost dead.
Duvessa closely misses you. The jelly barely misses you.
Dowan hits you with a +0 dagger.
You scratch Duvessa.
Duvessa is almost dead.
Duvessa hits you with a +0 short sword. The jelly hits you but does no damage.
Dowan casts a spell at you. You resist with almost no effort.
You claw Duvessa!
You kill Duvessa!
Dowan seems overcome with grief.
Dowan seems to find hidden reserves of power!
Dowan closely misses you. The jelly hits you. The acid corrodes you!
You are splashed with acid!
* * * LOW HITPOINT WARNING * * *
Your Fighting skill increases to level 4!
Your Stealth skill increases to level 2!
You feel better. Dowan hits you with a +0 dagger. The jelly closely misses you.
As you read the scroll labelled ZYOLUO SIDOPO, it crumbles to dust.
The creatures around you are filled with an inner flame!
It was a scroll of immolation.
Dowan hits you with a +0 dagger.
* * * LOW HITPOINT WARNING * * *
Dowan barely misses you. The jelly hits you.
* * * LOW HITPOINT WARNING * * *
The acid corrodes you!
You are splashed with acid!
* * * LOW HITPOINT WARNING * * *
It was a potion of invisibility.
You fade into invisibility!
Dowan hits you with a +0 dagger.
* * * LOW HITPOINT WARNING * * *
The jelly misses you. The jelly attacks as it pursues you! The jelly hits you.
* * * LOW HITPOINT WARNING * * *
The acid corrodes you!
You are splashed with acid!
You die...

#....#####...#......#
#.....## #.#........#
##+##..###.##......##
#.###..##.###.....## ##
#.........# ####.### ...
#######.### #.# # ....
#..#### #.# #
.....##########....####.. #
.........)h..###.........
....?...eJ................
.............###......###.#
.......####### #......# #..
....... #......# #. ....#.#
#......# ## ....#. ..######
# ... ## ### ### .. #..


You could see Dowan (fast, inner flame, unable to see you) and a jelly (inner
flame).

Vanquished Creatures
  Pikel (D:5)
  Duvessa (D:5)
  An ice beast (D:5)
  A centaur (D:3)
  A lemure (D:5)
  4 scorpions
  Crazy Yiuf (D:2)
  A hound (D:5)
  An orc priest (D:4)
  4 iguanas (D:4)
  Natasha (thrice) (D:2)
  An orc wizard (D:3)
  3 adders
  A shadow imp (D:5)
  An ufetubus (D:4)
  5 worms
  4 dart slugs
  14 orcs
  4 ball pythons
  4 bats
  11 endoplasms
  4 giant cockroaches
  11 hobgoblins
  4 jackals
  4 quokkas
  6 frilled lizards
  9 goblins
  9 kobolds
  7 rats
121 creatures vanquished.

Notes
Turn   | Place    | Note
-------+----------+-------------------------------------------
     0 | D:1      | arthad the Troll Shapeshifter began the quest for the Orb.
     0 | D:1      | Reached XP level 1. HP: 18/18 MP: 0/0
    93 | D:1      | Reached skill level 1 in Fighting
   172 | D:1      | Reached XP level 2. HP: 24/27 MP: 1/1
   559 | D:1      | Reached XP level 3. HP: 33/33 MP: 2/2
  1133 | D:2      | Found a runed translucent door.
  1134 | D:2      | Noticed Crazy Yiuf
  1258 | D:2      | Reached XP level 4. HP: 41/41 MP: 3/3
  1299 | D:2      | Found a faded altar of an unknown god.
  1346 | D:2      | Noticed Natasha
  1350 | D:2      | Killed Natasha
  1429 | D:2      | Noticed Natasha
  1436 | D:2      | Killed Natasha
  1555 | D:2      | Noticed Natasha
  1563 | D:2      | Killed Natasha
  1564 | D:2      | Reached XP level 5. HP: 12/49 MP: 4/4
  1903 | D:2      | Killed Crazy Yiuf
  2089 | D:3      | Noticed a centaur
  2094 | D:3      | Reached skill level 1 in Stealth
  2098 | D:3      | Killed a centaur
  2099 | D:3      | Reached XP level 6. HP: 35/58 MP: 5/5
  2178 | D:3      | Found a blossoming altar of Fedhas.
  2178 | D:3      | Found an ancient bone altar of Kikubaaqudgha.
  3374 | D:4      | Reached XP level 7. HP: 66/66 MP: 6/6
  3474 | D:5      | Entered Level 5 of the Dungeon
  3552 | D:5      | Noticed Pikel
  3567 | D:5      | Killed Pikel
  3568 | D:5      | Reached skill level 5 in Unarmed Combat
  3568 | D:5      | Reached skill level 5 in Shapeshifting
  3568 | D:5      | Reached XP level 8. HP: 45/78 MP: 7/7
  3663 | D:5      | Noticed Duvessa
  3663 | D:5      | Noticed Dowan
  3677 | D:5      | Killed Duvessa
  3681 | D:5      | Splashed by a jelly's acid

Illustrated notes

Levels and vault maps discovered:
D:1:      dpeg_arrival_renting, layout_loops_ring
D:2:      minmay_diamond_boxcup, layout_basic,
          shapermc_ecumenical_altar_mp_ritualfount, uniq_natasha,
          uniq_crazy_yiuf_cottage
D:3:      layout_basic, grunt_temple_overflow_growth_and_decay
D:4:      layout_basic, minmay_puff
D:5:      layout_basic, uniq_grinder, uniq_pikel, uniq_menkaure, uniq_duvessa

Skill      XL: |  1  2  3  4  5  6  7  8 |
---------------+-------------------------+-----
Fighting       | 1 2 3 4 |  4.0
Dodging        | 2 3 4 |  4.2
Unarmed Combat | 4 5 |  5.7
Stealth        | 1 2 |  2.0
Shapeshifting  | 4 5 |  5.4

Action                     |  1- 3 |  4- 6 |  7- 9 || total
---------------------------+-------+-------+-------++-------
  Melee: Unarmed           |    87 |   138 |    52 ||   277
         Punch             |       |     2 |     1 ||     3
    Use: Scroll            |       |       |     2 ||     2
         Potion            |       |       |     2 ||     2
   Stab: Sleeping          |     1 |     1 |     3 ||     5
         Distracted        |       |     1 |       ||     1
 Armour: Animal skin       |    37 |   103 |    36 ||   176
  Dodge: Dodged            |    28 |    54 |    19 ||   101

Table legend: (Time is in decaauts)
 A = Elapsed time spent in this place.
 B = Non-inter-level travel time spent in this place.
 C = Inter-level travel time spent in this place.
 D = Time resting spent in this place.
 E = Time spent auto-exploring this place.
 F = Levels seen in this place.
 G = Mean time per level.
                   A        B        C        D        E       F      G
               +--------+--------+--------+--------+--------+-----+--------+
         Total |   3658 |   3482 |    176 |      6 |   2778 |   5 |  731.6 |
       Dungeon |   3658 |   3482 |    176 |      6 |   2778 |   5 |  731.6 |
               +--------+--------+--------+--------+--------+-----+--------+

Top non-repeatable levels by time:
     D:2: 1207 daAuts
     D:1: 774 daAuts
     D:4: 761 daAuts
     D:3: 712 daAuts
     D:5: 202 daAuts
